 Dungeon Crawl Stone Soup version 0.30-b1-2-g02819fbbbe (webtiles) character file.

Game seed: 1982053526510009666

20 Mesmaeker13 the Conjurer (level 2, -1/24 HPs)
             Began as a Demigod Reaver on July 15, 2023.
             Slain by a kobold
             ... wielding a +1 short sword of venom
              (3 damage)
             ... on level 1 of the Dungeon.
             The game lasted 00:01:17 (484 turns).

Mesmaeker13 the Conjurer (Demigod Reaver)            Turns: 484, Time: 00:01:18

Health: -1/24      AC:  3    Str: 13    XL:     2   Next: 42%
Magic:  7/7        EV: 11    Int: 15    God:
Gold:   37         SH:  0    Dex: 12    Spells: 4/5 levels left

rFire   . . .        c - +2 sling (flame)
rCold   . . .        (no shield)
rNeg    . . .        b - +0 leather armour
rPois   .            (no helmet)
rElec   .            (no cloak)
rCorr   .            (no gloves)
SInv    .            (no boots)
Will    .....        (no amulet)
Stlth   +            (no ring)
HPRegen 0.24/turn    (no ring)
MPRegen 0.10/turn

%: no passive effects
@: lethally poisoned (-1 -> -5)
A: high MP 1, forlorn, divine attributes
a: no special abilities


You were on level 1 of the Dungeon.
You visited 1 branch of the dungeon, and saw 1 of its levels.

You collected 37 gold pieces.

Inventory:

Hand Weapons
 a - a +0 spear
 c - a +2 sling of flaming (weapon)
Armour
 b - a +0 leather armour (worn)


   Skills:
 + Level 2.1 Fighting
 - Level 2.6 Polearms
 + Level 2.1 Dodging
 + Level 2.0 Spellcasting
 + Level 2.9 Conjurations


You had 4 spell levels left.
You knew the following spells:

 Your Spells              Type           Power      Damage    Failure   Level
a - Kiss of Death         Conj/Necr      24%        2d7       16%         1

Your spell library contained the following spells:

 Spells                   Type           Power      Damage    Failure   Level
 Momentum Strike          Conj/Tloc      12%        3d8       22%         2
 Sublimation of Blood     Necr           1%         N/A       38%         2
 Hailstorm                Conj/Ice       6%         3d4       41%         3
 Petrify                  Tmut/Erth      1%         N/A       95%         4
 Irradiate                Conj/Tmut      3%         3d12      99%         5


Dungeon Overview and Level Annotations

Branches:
Dungeon (1/15)


Innate Abilities, Weirdness & Mutations

You have an increased reservoir of magic. (+10% MP)
You shall have no god before yourself.
Your divine heritage dramatically boosts your attributes as you level up.


Message History

You feel sick. The kobold barely misses you.
The kobold hits you but does no damage.
You shoot a sling bullet. The sling bullet hits the kobold.
The sling bullet burns the kobold.
The kobold is severely wounded.
You feel sick. The kobold closely misses you.
You shoot a sling bullet.
The sling bullet barely misses the kobold.
You feel sick.
The kobold hits you with a +1 short sword of venom.
You are more poisoned.
You shoot a sling bullet.
The sling bullet barely misses the kobold.
You feel very sick.
The kobold hits you with a +1 short sword of venom.
* * * LOW HITPOINT WARNING * * *
The kobold hits you with a +1 short sword of venom.
* * * LOW HITPOINT WARNING * * *
You aren't carrying any potions.
You aren't carrying any potions.
You aren't carrying any potions.
Okay, then.
You are too injured to fight recklessly!
You are too injured to fight recklessly!
Fire: c) +2 sling (flame)
Press: ? - help, Q - select action, (/) - cycle Shift-Dir - straight line, f/p - kobold
Aim: a kobold, wielding a +1 short sword of venom (severely wounded, 50% to hit)
You shoot a sling bullet.
The sling bullet closely misses the kobold.
* * * LOW HITPOINT WARNING * * *
You feel sick. The kobold barely misses you.
Fire: c) +2 sling (flame)
Press: ? - help, Q - select action, (/) - cycle Shift-Dir - straight line, f/p - kobold
Aim: a kobold, wielding a +1 short sword of venom (severely wounded, 50% to hit)
You shoot a sling bullet.
The sling bullet closely misses the kobold.
* * * LOW HITPOINT WARNING * * *
You feel sick.
The kobold hits you with a +1 short sword of venom.
You die...

########## ###........#
#####
...........#######......
................@K......
##.........#######......
#.........#### ..##+
##...........# †..
#...........# #..
#.....).....# .
##....##....#
####.##....# #.##....#


You could see a kobold.

Vanquished Creatures
  2 bats (D:1)
  3 endoplasms (D:1)
  A goblin (D:1)
  2 hobgoblins (D:1)
  4 kobolds (D:1)
  4 ball pythons (D:1)
  2 rats (D:1)
18 creatures vanquished.

Notes
Turn   | Place    | Note
-------+----------+-------------------------------------------
     0 | D:1      | Mesmaeker13 the Demigod Reaver began the quest for the Orb.
     0 | D:1      | Reached XP level 1. HP: 17/17 MP: 5/5
    18 | D:1      | Noticed a minotaur skeleton
   313 | D:1      | Reached XP level 2. HP: 24/24 MP: 7/7
   484 | D:1      | Slain by a kobold

Illustrated notes

Levels and vault maps discovered:
D:1:      shiori_arrival_whats_in_store_for_you, layout_basic,
          grunt_decor_one_mirror, amcnicky_mini_rare_corridor_liquid

Skill      XL: |  1 |
---------------+----+-----
Fighting       | 2 |  2.1
Dodging        | 2 |  2.1
Spellcasting   | 2 |  2.0
Polearms       | |  2.6
Conjurations   | |  2.9

Action                     || total
---------------------------++-------
  Melee: Spear             ||    34
   Fire: Sling             ||    24
   Stab: Sleeping          ||     2
 Armour: Leather armour    ||     5
  Dodge: Dodged            ||    17
